 Dungeon Crawl Stone Soup version 0.27-a0-380-g150de4c316 (webtiles) character file.

Game seed: 10113346584621270799

34248 DavidChitty2 the Fighter (level 13, -3/118 HPs)
             Began as a White Draconian Conjurer on Feb 17, 2021.
             Was a Priest of Sif Muna.
             Slain by a wraith (9 damage)
             ... led by Josephine
             ... on level 5 of the Lair of Beasts.
             The game lasted 01:10:30 (22875 turns).

DavidChitty2 the Fighter (DrCj)                    Turns: 22875, Time: 01:10:31

Health: -3/118     AC: 10    Str:  9    XL:     13   Next: 41%
Magic:  16/27      EV: 13    Int: 27    God:    Sif Muna [***...]
Gold:   1509       SH:  9    Dex: 16    Spells: 26/33 levels left

rFire    + + +     SeeInvis .   w - staff of poison
rCold    + . .     Faith    .   i - +0 kite shield
rNeg     . . .     Spirit   .   (armour unavailable)
rPois    +         Reflect  .   (helmet restricted)
rElec    +         Harm     .   y - scarf {repulsion}
rCorr    +         Rampage  .   O - +0 pair of gloves
Will     .....                  r - +0 pair of boots "Gasaxet" {rF+++ rC- Regen+ rCorr}
Stlth    ++........             e - amulet of magic regeneration
HPRegen  1.29/turn              o - ring of protection from cold
MPRegen  0.45/turn              R - ring of Laabah {rElec Int+3 Dex+6}

@: about to teleport, short of breath, slowed, repel missiles, very slow
A: breathe frost, unfitting armour, cold resistance 1, cold-blooded, AC +8
a: Breathe Frost, Renounce Religion, Channel Magic, Forget Spell


You were on level 5 of the Lair of Beasts.
You worshipped Sif Muna.
Sif Muna was most pleased with you.
You visited 2 branches of the dungeon, and saw 16 of its levels.
You also visited: Ossuary and Ice Cave.

You collected 1509 gold pieces.

Inventory:

Hand Weapons
 a - the +10 hunting sling of Aczytz {vorpal, SInv}
   (You found it on level 7 of the Dungeon)

   Any stone fired from it inflicts extra damage.
   It lets you see invisible.
 b - a +2 falchion of holy wrath
   (You took it off an orc on level 6 of the Dungeon)
Missiles
 s - 114 poisoned darts (quivered)
 G - 130 sling bullets
 N - 688 stones
Armour
 i - a +0 kite shield (worn)
   (You found it in an ice cave)
 r - the +0 pair of boots "Gasaxet" (worn) {rF+++ rC- Regen+ rCorr}
   (You found it on level 4 of the Dungeon)

   It renders you almost immune to fire.
   It makes you vulnerable to cold.
   It increases your rate of regeneration.
   It provides partial protection from all sources of acid and corrosion.
 y - a scarf of repulsion (worn)
   (You found it on level 6 of the Dungeon)
 O - a +0 pair of gloves (worn)
   (You found it on level 9 of the Dungeon)
Magical Staves
 w - a staff of poison (weapon)
   (You found it on level 6 of the Dungeon)
Jewellery
 e - an amulet of magic regeneration (around neck)
   (You found it on level 3 of the Dungeon)
 k - a ring of positive energy
   (You found it on level 2 of the Dungeon)
 o - a ring of protection from cold (left hand)
   (You found it on level 5 of the Dungeon)
 R - the ring of Laabah (right hand) {rElec Int+3 Dex+6}
   (You found it in an ice cave)

   [ring of dexterity]

   It affects your intelligence (+3).
   It affects your dexterity (+6).
   It insulates you from electricity.
Wands
 t - a wand of flame (40)
   (You took it off a hobgoblin on level 7 of the Dungeon)
 u - a wand of paralysis (16)
   (You found it on level 3 of the Lair of Beasts)
 v - a wand of digging (4)
   (You took it off an orc on level 9 of the Dungeon)
 x - a wand of acid (5)
   (You found it on level 5 of the Dungeon)
 B - a wand of polymorph (7)
   (You found it on level 6 of the Dungeon)
 J - a wand of mindburst (41)
   (You found it on level 8 of the Dungeon)
 Q - a wand of charming (4)
   (You found it on level 1 of the Lair of Beasts)
Scrolls
 c - 3 scrolls of teleportation {@r4}
 j - a scroll of blinking
 p - 2 scrolls of fog
 A - 2 scrolls of identify {@r1}
 D - a scroll of fear
 E - 7 scrolls of amnesia
 F - 2 scrolls of enchant weapon
 I - 2 scrolls of magic mapping
 L - 2 scrolls of immolation {!r}
 S - a scroll of acquirement {unknown}
Potions
 d - 3 potions of flight
 f - 2 potions of magic
 g - a potion of cancellation {unknown}
 h - 5 potions of brilliance
 l - 6 potions of ambrosia
 m - a potion of attraction {!q}
 n - 5 potions of curing {@q1}
 q - 3 potions of mutation {!q}
 z - 4 potions of lignification {!q}
 C - 2 potions of resistance
 H - 2 potions of haste {@q3}
 M - 2 potions of might
 T - a potion of heal wounds {unknown}
Miscellaneous
 K - a lightning rod (4/4) {!a}
   (You found it in an ice cave)
 P - a condenser vane
   (You found it on level 10 of the Dungeon)


   Skills:
 + Level 12.2 Fighting
 + Level 5.3 Dodging
 - Level 1.7 Stealth
 + Level 5.5 Shields
 + Level 10.8 Spellcasting
 - Level 10.0 Conjurations
 - Level 5.0 Translocations
 + Level 11.4 Invocations


You had 26 spell levels left.
You knew the following spells:

 Your Spells              Type           Power        Failure   Level
a - Magic Dart            Conj           100%         1%          1
s - Searing Ray           Conj           100%         1%          2
x - Iskenderun's Mystic   Conj/Tloc      53%          6%          4

Your spell library contained the following spells:

 Spells                   Type           Power        Failure   Level
 Dazzling Flash           Conj/Hex       82%          5%          3
 Gell's Gravitas          Tloc           20%          5%          3
 Stone Arrow              Conj/Erth      82%          5%          3
 Teleport Other           Tloc           41%          5%          3
 Fulminant Prism          Conj/Hex       20%          17%         4
 Manifold Assault         Tloc           41%          17%         4
 Passwall                 Tmut/Erth      11%          21%         2
 Confusing Touch          Hex            14%          38%         3
 Ignite Poison            Fire/Tmut/Pois 21%          38%         3
 Inner Flame              Hex/Fire       14%          38%         3
 Bolt of Magma            Conj/Fire/Erth 16%          67%         5
 Petrify                  Tmut/Erth      14%          80%         4
 Dispersal                Tloc           20%          95%         6
 Metabolic Englaciation   Hex/Ice        7%           98%         5
 Yara's Violent Unravell  Hex/Tmut       7%           98%         5


Dungeon Overview and Level Annotations

Branches:
Dungeon (10/15)            Temple (0/1) D:4            Lair (6/6) D:10
  Swamp (0/4) Lair:2        Snake (0/4) Lair:2        Slime (0/5) Lair:5
Ossuary (visited)           IceCv (visited)
    Orc: D:9-12

Altars:
Dithmenos
Elyvilon
Gozag
Hepliaklqana
Makhleb
Ru
Sif Muna
Trog
Vehumet
Yredelemnul

Shops:
D:7 (   D:8 (*[[

Annotations:
Lair:4 exclusion: oklob plant


Innate Abilities, Weirdness & Mutations

You can breathe waves of freezing cold.
You can buffet flying creatures when you breathe cold.
Your icy white scales are hard. (AC +8)
You cannot fit into any form of body armour.
Your flesh is cold resistant. (rC+)
You are cold-blooded and may be slowed by cold attacks.


Message History

You kill the death yak!
Sif Muna accepts your kill.
The searing ray hits the death yak!
You finish channeling your searing ray.
A five-headed hydra comes into view.
Aim: a death yak (heavily wounded)
You exhale a wave of freezing cold.
The freezing breath hits the death yak!
The freezing breath hits the komodo dragon!
You block the death yak's attack.
Aim: a death yak (heavily wounded, 6% to evade)
The searing ray hits the death yak.
The searing ray hits the komodo dragon! (Press . to maintain the ray.)
The five-headed hydra roars!
The death yak gores you!!
* * * LOW HITPOINT WARNING * * *
The searing ray hits the death yak.
The searing ray misses the komodo dragon.
You block the death yak's attack.
The searing ray hits the death yak!
The searing ray hits the komodo dragon.
The searing ray hits the five-headed hydra!
You block the death yak's attack.
The searing ray hits the death yak.
The searing ray hits the komodo dragon!
The searing ray hits the five-headed hydra!!
You finish channeling your searing ray.
The death yak gores you!
* * * LOW HITPOINT WARNING * * *
A wraith comes into view.
Blink to where?
As you read the scroll of blinking, it crumbles to dust.
A wraith comes into view.
The wraith hits you.
* * * LOW HITPOINT WARNING * * *
The wraith drains your vigour!
You feel yourself slow down. The wraith barely misses you.
The yak barely misses you. You block the wraith's attack.
The yak barely misses you. You block the death yak's attack.
There is a stone staircase leading up, spattered with blood here.
The wraith barely misses you. The wraith hits you!
* * * LOW HITPOINT WARNING * * *
The wraith drains your vigour!
You feel as though you will be slow longer.
The yak gores you.
* * * LOW HITPOINT WARNING * * *
The death yak barely misses you.
You climb upwards.
There is a stone staircase leading down here.
As you read the scroll of teleportation {@r4}, it crumbles to dust.
You feel strangely unstable. The yak gores you.
* * * LOW HITPOINT WARNING * * *
The wraith hits you!
You die...

#......## ##..##....8....#
##..P.## ##....#.........#
#....## ##......#.8...8.#.
###...# #......#........##
#...# #....#......8....#
##.## ##.#..............
##.#######.....#######..
##....#........##....##..
##......Y@W...####...###..
#...#.#.W.Y.### #.....#.#.
#P.<.#.##.#######....#.###
##...#.###.....###....###.
#.....####...### #...## ##
#.....# #....P# ##....# #
##....# ##...## #....## #
##...## #....###....# #
#....# #....#.#....# #


You could see a death yak, a yak and 2 wraiths.

Vanquished Creatures
  5 hydras
  A boulder beetle (Lair:5)
  A catoblepas (Lair:4)
  A death yak (Lair:6)
  Sonja (Lair:4)
  2 ugly things (IceCv)
  5 black mambas
  3 ice statues (IceCv)
  3 rime drakes
  4 komodo dragons
  8 cane toads
  A tyrant leech (Lair:2)
  3 trolls
  A queen bee (D:10)
  A polar bear (Lair:1)
  A slime creature (Lair:5)
  10 blink frogs
  Eustachio (D:4)
  36 yaks
  6 wyverns
  2 basilisks
  3 swamp worms (Lair:2)
  A soldier ant (D:9)
  17 water moccasins
  3 sky beasts
  3 orc warriors
  2 necrophages
  4 ogres
  12 ice beasts
  2 black bears
  4 centaurs
  2 phantoms
  15 wolves
  4 elf zombies (Ossuary)
  16 bullfrogs
  A wyvern skeleton (D:8)
  2 scorpions
  34 killer bees (D:10)
  3 howler monkeys (D:10)
  9 wights (D:10)
  An electric eel (Lair:1)
  2 quasits
  A bullfrog zombie (D:4)
  6 hounds
  5 jellies
  2 orc priests
  2 gnoll shamans
  A human zombie (Ossuary)
  2 iguanas
  9 orc wizards
  6 worker ants
  A killer bee zombie (D:10)
  A hound zombie (D:9)
  A hound skeleton (D:4)
  2 mummies (Ossuary)
  2 worker ant zombies
  14 gnolls
  11 adders
  2 shadow imps
  A white imp (D:5)
  4 ufetubi
  2 adder skeletons
  4 adder zombies
  A worm (D:2)
  A dart slug (D:1)
  5 leopard geckos
  41 orcs
  A ball python (D:2)
  4 giant cockroaches
  9 goblins
  4 hobgoblins
  4 jackals
  7 kobolds
  8 quokkas
  6 bats
  10 frilled lizards
  A goblin zombie (Ossuary)
  6 hobgoblin zombies (Ossuary)
  A jackal skeleton (D:5)
  A jackal zombie (Ossuary)
  12 kobold zombies (Ossuary)
  A leopard gecko skeleton (D:6)
  8 orc zombies (Ossuary)
  A quokka skeleton (D:4)
  A quokka zombie (D:6)
  4 rats
  A rat zombie (Ossuary)
453 creatures vanquished.

Vanquished Creatures (collateral kills)
  A hound (D:8)
  An adder (D:8)
2 creatures vanquished.

Vanquished Creatures (others)
  30 fungi
  57 plants
87 creatures vanquished.

Grand Total: 542 creatures vanquished

Notes
Turn   | Place    | Note
-------+----------+-------------------------------------------
     0 | D:1      | DavidChitty2 the Draconian Conjurer began the quest for the
                  | Orb.
     0 | D:1      | Reached XP level 1. HP: 14/14 MP: 3/3
   296 | D:1      | Reached XP level 2. HP: 22/22 MP: 3/5
   566 | D:1      | Reached skill level 1 in Fighting
  1217 | D:2      | Reached XP level 3. HP: 20/28 MP: 0/6
  1403 | D:2      | Learned a level 2 spell: Searing Ray
  2085 | D:2      | Reached XP level 4. HP: 36/36 MP: 2/7
  2223 | D:2      | Reached skill level 5 in Conjurations
  3079 | D:3      | Found a bloodstained altar of Trog.
  3159 | D:3      | Reached skill level 2 in Fighting
  3584 | D:3      | Reached XP level 5. HP: 33/42 MP: 5/9
  4034 | D:3      | Found a hazy altar of Hepliaklqana.
  4070 | D:3      | Found a shimmering blue altar of Sif Muna.
  4224 | D:3      | Became a worshipper of Sif Muna the Loreminder
  4951 | D:4      | Found a staircase to the Ecumenical Temple.
  4989 | D:4      | Reached XP level 6. HP: 50/50 MP: 6/11
  5075 | D:4      | Reached skill level 3 in Fighting
  5144 | D:4      | Reached skill level 1 in Invocations
  5183 | D:4      | Got a pair of faintly humming boots
  5189 | D:4      | Identified the +0 pair of boots "Gasaxet" {rF+++ rC- Regen+
                  | rCorr} (You found it on level 4 of the Dungeon)
  5211 | D:4      | Noticed Eustachio
  5509 | D:4      | Killed Eustachio
  5510 | D:4      | Your scales start taking on an icy white colour.
  5510 | D:4      | Reached XP level 7. HP: 54/57 MP: 7/12
  5510 | D:4      | Gained mutation: Your flesh is cold resistant. (rC+) [White
                  | Draconian growth]
  5600 | D:4      | Found a burning altar of Makhleb.
  5623 | D:4      | Learned a level 4 spell: Iskenderun's Mystic Blast
  5722 | D:4      | Found a sacrificial altar of Ru.
  5860 | D:5      | Entered Level 5 of the Dungeon
  5973 | D:5      | Reached skill level 4 in Fighting
  6601 | D:5      | Reached XP level 8. HP: 67/67 MP: 9/14
  6715 | D:5      | Found a burning altar of Makhleb.
  7233 | D:6      | Reached * piety under Sif Muna
  7339 | D:6      | Reached skill level 5 in Fighting
  7830 | D:7      | Found Susycsyu's Antique Weapon Boutique.
  7840 | D:6      | Reached skill level 5 in Spellcasting
  7869 | D:7      | Found a shadowy altar of Dithmenos.
  7897 | D:7      | Found a sand-covered staircase.
  7906 | Ossuary  | Entered an ossuary
  8066 | Ossuary  | Reached ** piety under Sif Muna
  8450 | Ossuary  | Reached XP level 9. HP: 75/75 MP: 10/16
  8674 | D:7      | Got a translucent hunting sling
  8675 | D:7      | Identified the +10 hunting sling of Aczytz {vorpal, SInv}
                  | (You found it on level 7 of the Dungeon)
  9932 | D:7      | Reached skill level 5 in Invocations
 10082 | D:7      | Reached skill level 6 in Fighting
 10152 | D:7      | Found a radiant altar of Vehumet.
 10294 | D:7      | Found a basalt altar of Yredelemnul.
 10812 | D:8      | Found an opulent altar of Gozag.
 10987 | D:8      | Found Moalob's General Store.
 10987 | D:8      | Found Qinu's Antique Weapon Shop.
 10987 | D:8      | Found Fuzynof's Armour Shop.
 10987 | D:8      | Found Xygopn's Antique Armour Shop.
 11530 | D:9      | Found a white marble altar of Elyvilon.
 11695 | D:9      | Reached skill level 10 in Conjurations
 11817 | D:9      | Reached *** piety under Sif Muna
 11822 | D:9      | Reached skill level 7 in Fighting
 12182 | D:9      | Noticed a troll
 12197 | D:9      | Killed a troll
 12251 | D:9      | Reached XP level 10. HP: 80/88 MP: 14/20
 12417 | D:10     | Entered Level 10 of the Dungeon
 12426 | D:9      | Reached skill level 8 in Fighting
 12488 | D:10     | Reached skill level 1 in Translocations
 12699 | D:10     | Identified the Catalogue of the Flamy Mountains
 12861 | D:10     | Found a staircase to the Lair.
 12885 | D:10     | Reached **** piety under Sif Muna
 13205 | D:10     | Reached skill level 9 in Fighting
 13220 | D:10     | Reached skill level 5 in Translocations
 13456 | Lair:1   | Entered Level 1 of the Lair of Beasts
 13471 | Lair:1   | Noticed a six-headed hydra
 13483 | Lair:1   | Killed a six-headed hydra
 13484 | Lair:1   | Reached XP level 11. HP: 36/97 MP: 14/23
 14069 | Lair:1   | Noticed a four-headed hydra
 14084 | Lair:1   | Killed a four-headed hydra
 14084 | Lair:1   | Reached ***** piety under Sif Muna
 14085 | Lair:1   | Reached skill level 10 in Fighting
 14427 | Lair:1   | Noticed an eight-headed hydra
 14436 | Lair:1   | Killed an eight-headed hydra
 15073 | Lair:2   | Found a radiant altar of Vehumet.
 15138 | Lair:2   | Identified Sif Muna's Volume of the Traveller (Sif Muna
                  | gifted it to you on level 2 of the Lair of Beasts)
 15138 | Lair:2   | Received a gift from Sif Muna
 15460 | Lair:2   | Noticed a five-headed hydra
 15466 | Lair:2   | Killed a five-headed hydra
 15562 | Lair:2   | Reached skill level 11 in Fighting
 15614 | Lair:2   | Reached XP level 12. HP: 110/110 MP: 19/25
 15657 | Lair:2   | Found a staircase to the Swamp.
 15960 | Lair:2   | Found a staircase to the Snake Pit.
 16814 | Lair:3   | Found a frozen archway.
 16824 | Lair:3   | Reached skill level 10 in Invocations
 16829 | Lair:3   | Reached skill level 10 in Spellcasting
 16845 | IceCv    | Entered an ice cave
 18282 | IceCv    | Got a heavily runed lead ring
 18286 | IceCv    | Got a translucent pewter amulet
 18406 | Lair:3   | Identified the amulet of Dokky {Faith Dex+3} (You found it
                  | in an ice cave)
 18418 | Lair:3   | Identified the ring of Laabah {rElec Int+3 Dex+6} (You
                  | found it in an ice cave)
 19262 | Lair:4   | Reached skill level 1 in Shields
 19431 | Lair:4   | Noticed a catoblepas
 19479 | Lair:4   | Killed a catoblepas
 19889 | Lair:4   | Noticed Sonja
 19898 | Lair:4   | Killed Sonja
 20521 | Lair:5   | Reached XP level 13. HP: 113/117 MP: 23/27
 20693 | Lair:5   | Reached skill level 12 in Fighting
 21586 | Lair:5   | Reached skill level 5 in Shields
 21731 | Lair:5   | Found a staircase to the Slime Pits.
 21938 | Lair:5   | Reached skill level 5 in Dodging
 22209 | Lair:6   | Entered Level 6 of the Lair of Beasts
 22482 | Lair:6   | Got a scorched quarterstaff
 22873 | Lair:6   | HP: 3/118 [yak (6)]
 22875 | Lair:5   | Slain by a wraith

Illustrated notes

Levels and vault maps discovered:
D:1:      onia_arrival_pentagram, layout_basic
D:2:      layout_basic
D:3:      layout_basic, nicolae_overflow_hidden_temple, lemuel_blue_sif_altar,
          nzn_hepliaklqana_mist_gate
D:4:      layout_rooms, bloody_makhleb, overflow_temple_1_default,
          minmay_temple_entry_mist, uniq_eustachio
D:5:      layout_loops_corners, basic_altar
D:6:      layout_loops_ring
D:7:      layout_rooms, lemuel_crystal_altar, vehumet_altar_wand_db,
          overflow_temple_1_default, nicolae_ossuary_entry_plus, serial_shops,
          shop_statue, chequers_serial_rivers_small_a
D:8:      layout_loops_ring, nicolae_gozag_seed_capital, minmay_shop_grid_forest
D:9:      layout_basic, general_overflow_altar, solitary_fountain,
          minmay_joined_circles
D:10:     layout_roguey [special_room_bee], lair_entry_dummy
Lair:1:   layout_concentric_octagons, minmay_stone_trees_small,
          gammafunk_lair_bear_cave, serial_bayou_shore_b
Lair:2:   layout_layer_cave, minmay_swamp_entry_worms,
          minmay_snake_entry_six_corridors, basic_altar, grunt_megastairs_2
Lair:3:   layout_cave_pods, portal_ice_cave_rime
Lair:4:   layout_loops_ring, uniq_sonja
Lair:5:   layout_concentric_octagons, minmay_slime_entry_pillars,
          lemuel_fruit_tree, grunt_megastairs_4
Lair:6:   due_jungle_book, layout_regular_city, uniq_josephine

Skill      XL: |  1  2  3  4  5  6  7  8  9 10 11 12 13 |
---------------+----------------------------------------+-----
Fighting       | 1 2 3 4 5 7 9 11 12 | 12.2
Conjurations   | 5 6 7 8 10 | 10.0
Spellcasting   | 3 4 5 6 8 9 10 | 10.8
Invocations    | 2 3 4 5 6 9 11 | 11.4
Translocations | 5 |  5.0
Dodging        | 4 5 |  5.3
Shields        | 4 5 |  5.5
Stealth        | |  1.7

Action                   |  1- 3 |  4- 6 |  7- 9 | 10-12 | 13-15 || total
-------------------------+-------+-------+-------+-------+-------++-------
Melee: Unarmed           |     5 |       |       |       |       ||     5
       Tailslap          |     2 |       |       |     1 |       ||     3
       Spear             |    15 |     3 |     2 |       |       ||    20
       Staff             |       |       |       |     1 |     1 ||     2
 Fire: Hunting sling     |       |       |    16 |       |     4 ||    20
Throw: Dart              |       |       |       |       |     8 ||     8
 Cast: Magic Dart        |    74 |   133 |   457 |   413 |    83 ||  1160
       Searing Ray       |     2 |    12 |    28 |   136 |    42 ||   220
       Iskenderun's Myst |       |       |       |    18 |    11 ||    29
 Abil: Breathe Frost     |       |       |     1 |     5 |     3 ||     9
Evoke: Wand              |       |       |       |    10 |     1 ||    11
  Use: Scroll            |       |       |    17 |     9 |     5 ||    31
       Potion            |       |       |     2 |     1 |     2 ||     5
Armor: Skin              |     7 |    15 |    61 |   111 |    19 ||   213
Dodge: Dodged            |    20 |    54 |   172 |   415 |    58 ||   719
       Repelled          |       |       |       |     9 |       ||     9
Block: Kite shield       |       |       |       |    33 |    53 ||    86
       Rpst.: Falchion   |       |       |       |     5 |       ||     5

Table legend: (Time is in decaauts)
 A = Elapsed time spent in this place.
 B = Non-inter-level travel time spent in this place.
 C = Inter-level travel time spent in this place.
 D = Time resting spent in this place.
 E = Time spent auto-exploring this place.
 F = Levels seen in this place.
 G = Mean time per level.
                   A        B        C        D        E       F      G
               +--------+--------+--------+--------+--------+-----+--------+
         Total |  22891 |  21766 |   1125 |   5929 |  11348 |  18 | 1271.7 |
       Dungeon |  12842 |  11902 |    940 |   3085 |   6807 |  10 | 1284.2 |
          Lair |   7898 |   7713 |    185 |   1840 |   4321 |   6 | 1316.3 |
       Ossuary |    662 |    662 |      0 |    120 |    187 |   1 |  662.0 |
      Ice Cave |   1488 |   1488 |      0 |    884 |     32 |   1 | 1488.0 |
               +--------+--------+--------+--------+--------+-----+--------+

Top non-repeatable levels by time:
     D:3: 2465 daAuts
     D:2: 1846 daAuts
  Lair:1: 1610 daAuts
  Lair:2: 1585 daAuts
     D:1: 1511 daAuts
  Lair:4: 1492 daAuts
   IceCv: 1488 daAuts
  Lair:5: 1476 daAuts
     D:5: 1265 daAuts
     D:9: 1121 daAuts
  Lair:3: 1118 daAuts
     D:6: 1090 daAuts
    D:10: 1059 daAuts
     D:8: 835 daAuts
     D:4: 832 daAuts
